 Dungeon Crawl Stone Soup version 0.18-a0-1266-g3be6530 (webtiles) character file.

265 Leibowitz the Skirmisher (level 5, -5/48 HPs)
             Began as a Demigod Fighter on Feb 6, 2016.
             Killed by nerve-wracking pain
             ... invoked by Jessica
              (7 damage)
             ... on level 3 of the Dungeon.
             The game lasted 00:06:05 (2308 turns).

Leibowitz the Skirmisher (Demigod Fighter)          Turns: 2308, Time: 00:06:06

Health: -5/48      AC:  4    Str: 19    XL:     5   Next: 66%
Magic:  7/7        EV: 12    Int: 12    God:
Gold:   142        SH: 10    Dex: 17    Spells: 0 memorised, 4 levels left

rFire  . . .     SeeInvis .     a - +1 long sword
rCold  . . .     Gourm    .     e - +0 leather armour
rNeg   . . .     Faith    .     c - +0 shield
rPois  .         Spirit   .     (no helmet)
rElec  .         Dismiss  .     (no cloak)
rCorr  .         Reflect  .     h - +0 pair of gloves
SustAt +         Harm     .     (no boots)
MR     .....                    (no amulet)
Stlth  +++.......               (no ring)
                                (no ring)

@: lethally poisoned (-5 -> -10), drained, not resistant to hostile
enchantments, fairly stealthy
A: high mp 1, sustain attributes
a: no special abilities


You were on level 3 of the Dungeon.
You were not hungry.

You visited 1 branch of the dungeon, and saw 3 of its levels.

You collected 142 gold pieces.

Inventory:

Hand Weapons
 a - a +1 long sword (weapon)
Armour
 c - a +0 shield (worn)
 e - a +0 leather armour (worn)
 h - a +0 pair of gloves (worn)
Scrolls
 k - 2 scrolls of teleportation
 l - a scroll of remove curse
Comestibles
 f - 2 bread rations


   Skills:
 * Level 5.3(5.0) Fighting
 * Level 4.6(4.3) Long Blades
 * Level 5.1(4.8) Armour
 * Level 4.5(4.2) Dodging
 * Level 4.8(4.4) Stealth
 * Level 5.2(4.9) Shields


You had 4 spell levels left.
You didn't know any spells.

Dungeon Overview and Level Annotations

Branches:
Dungeon (3/15)

Annotations:
D:3 Jessica


Innate Abilities, Weirdness & Mutations

You have an increased reservoir of magic (+10% MP).
Your attributes are resistant to harm.


Message History

Identify which item? (\ to view known items) (? for menu, Esc to quit)
k - 2 scrolls of teleportation You feel sick.
Jessica hits you with a dagger of draining.
* * * LOW HITPOINT WARNING * * *
You feel drained. You block the rat's attack.
Unknown command.
Read which item? (? for menu, Esc to quit)
As you read the scroll labeled RIHO JUMEHA, it crumbles to dust.
You feel blessed for a moment.
It was a scroll of remove curse.
You block Jessica's attack. Jessica casts a spell at you.
You struggle to resist.
The rat misses you.
Your shield and leather armour prevent you from hitting Jessica.
* * * LOW HITPOINT WARNING * * *
You feel sick. Jessica closely misses you.
The rat bites you but does no damage. Jessica casts a spell at you.
Pain shoots through your body!
You die...

..........######
................
................
................
................
######r##......
#g# ###### #r#
####@#
#########...@#
#......##....#
#......##....#
#......#####.# #
#............# #
#..[..)#######. #
#.....)........ #
#....).###########
#


You could see Jessica, a quokka, a hobgoblin and a rat.

Vanquished Creatures
  A scorpion (D:3)
  An adder (D:3)
  3 gnolls
  A worm (D:2)
  A giant gecko (D:2)
  A ball python (D:3)
  3 bats
  A giant cockroach (D:1)
  6 goblins
  8 hobgoblins
  3 jackals (D:1)
  5 kobolds
  A quokka (D:2)
  2 giant newts
  9 rats
46 creatures vanquished.

Notes
Turn   | Place    | Note
--------------------------------------------------------------
     0 | D:1      | Leibowitz the Demigod Fighter began the quest for the Orb.
     0 | D:1      | Reached XP level 1. HP: 18/18 MP: 3/3
   301 | D:1      | Reached XP level 2. HP: 23/25 MP: 4/4
   309 | D:1      | Reached skill level 3 in Fighting
  1083 | D:2      | Found an opulent altar of Gozag.
  1175 | D:2      | Reached XP level 3. HP: 13/31 MP: 5/5
  1593 | D:2      | Reached skill level 1 in Dodging
  1746 | D:3      | Reached skill level 1 in Stealth
  2252 | D:3      | Reached XP level 4. HP: 35/38 MP: 6/6
  2279 | D:3      | Noticed Jessica
  2303 | D:3      | Reached skill level 5 in Fighting
  2303 | D:3      | Reached skill level 5 in Armour
  2303 | D:3      | Reached skill level 5 in Shields
  2303 | D:3      | Reached XP level 5. HP: 11/48 MP: 7/7
  2306 | D:3      | HP: 2/48 [Jessica/dagger of draining (6)]
  2308 | D:3      | Killed from afar by Jessica

Vault maps used:
D:1:      saegor_arrival_simple_b
D:2:      nicolae_gozag_seed_capital
D:3:      first_bread, uniq_natasha, uniq_jessica, uniq_crazy_yiuf_cottage,
          uniq_iyjb, uniq_terence

Action                   |  1- 3 |  4- 6 || total
-------------------------+-------+-------++-------
Melee: Long sword        |   163 |    18 ||   181
  Use: Potion            |     2 |     2 ||     4
       Scroll            |       |     3 ||     3
 Stab: Sleeping          |     3 |       ||     3
  Eat: Chunk             |     4 |     1 ||     5
